General information
- name: Local Game (lljkMata)
- type: Custom game
- host: lljkMata
- saver: lljkMata
map: TerenasStand
- players: 2
- length: 24:41
- speed: Fast
- version: 1.21 W3XP
- replay type: Public
» download(191 KB)
Players
team 1 (winner)
lljkMata (
green | 201 APM | 4968 actions | 24:41)
6 Demon Hunter
3 Mana Burn
2 Evasion
1 Metamorphosis
3 Pandaren Brewmaster
2 Breath of Fire
1 Drunken Haze
» actions
| Assign group hotkey | 528 | |
| Basic commands | 14 | |
| Build / train | 91 | |
| ESC pressed | 3 | |
| Enter build submenu | 22 | |
| Enter hero's abilities submenu | 9 | |
| Remove unit from queue | 1 | |
| Right click | 2419 | |
| Select / deselect | 861 | |
| Select group hotkey | 903 | |
| Use ability | 117 | |
4968 total
» units
| Wisp | 27 | |
| Archer | 9 | |
| Dryad | 9 | |
| Druid of the Claw | 4 | |
| Chimaera | 10 | |
| Hippogryph | 2 | |
61 total
» upgrades
| Druid of the Claw Training | 2 | |
| Abolish Magic | 1 | |
| Corrosive Breath | 1 | |
| Nature's Blessing | 1 | |
5 total
» buildings
| Altar of Elders | 1 | |
| Moon Well | 8 | |
| Ancient of War | 1 | |
| Tree of Ages | 1 | |
| Tree of Life | 3 | |
| Hunter's Hall | 1 | |
| Ancient of Lore | 2 | |
| Ancient of Wind | 1 | |
| Ancient of Wonders | 1 | |
| Tree of Eternity | 1 | |
| Chimaera Roost | 2 | |
22 total
» build order
00:02 Altar of Elders
00:15 Moon Well
00:16 Moon Well
00:59 Ancient of War
01:23 Moon Well
02:48 Tree of Ages
03:16 Moon Well
04:01 Tree of Life
04:28 Hunter's Hall
06:20 Ancient of Lore
06:21 Ancient of Lore
07:52 Ancient of Wind
08:25 Ancient of Wonders
08:37 Tree of Eternity
10:19 Tree of Life
11:00 Chimaera Roost
11:05 Moon Well
11:06 Moon Well
11:07 Moon Well
11:38 Chimaera Roost
20:23 Tree of Life
20:34 Moon Well
» items
| Boots of Speed | 1 | |
| Staff of Teleportation | 1 | |
| Scroll of Town Portal | 3 | |
| Orb of Venom | 1 | |
| Staff of Preservation | 1 | |
7 total
team 2 (loser)
GhettoOverlord (
dark-green | 154 APM | 3793 actions | 24:40)
8 Dreadlord
3 Sleep
3 Vampiric Aura
1 Inferno
1 Carrion Swarm
» actions
| Assign group hotkey | 123 | |
| Basic commands | 327 | |
| Build / train | 93 | |
| ESC pressed | 9 | |
| Enter build submenu | 37 | |
| Enter hero's abilities submenu | 9 | |
| Give item / drop item | 7 | |
| Right click | 1503 | |
| Select / deselect | 822 | |
| Select group hotkey | 749 | |
| Use ability | 114 | |
3793 total
» units
| Acolyte | 14 | |
| Ghoul | 34 | |
| Forest Troll Berserker | 1 | |
| Gargoyle | 4 | |
53 total
» upgrades
| Unholy Strength | 2 | |
| Unholy Armor | 1 | |
| Ghoul Frenzy | 1 | |
4 total
» buildings
| Crypt | 3 | |
| Altar of Darkness | 1 | |
| Ziggurat | 10 | |
| Graveyard | 1 | |
| Tomb of Relics | 1 | |
| Necropolis | 5 | |
| Halls of the Dead | 3 | |
| Sacrificial Pit | 2 | |
| Black Citadel | 1 | |
| Spirit Tower | 1 | |
28 total
» build order
00:11 Crypt
00:14 Altar of Darkness
00:35 Ziggurat
01:00 Graveyard
01:11 Tomb of Relics
02:00 Ziggurat
03:10 Ziggurat
03:46 Necropolis
04:10 Halls of the Dead
04:10 Halls of the Dead
04:10 Halls of the Dead
06:32 Sacrificial Pit
06:51 Black Citadel
07:35 Ziggurat
07:39 Ziggurat
08:03 Ziggurat
08:08 Necropolis
11:02 Necropolis
11:32 Ziggurat
11:40 Ziggurat
11:41 Ziggurat
12:59 Crypt
13:01 Spirit Tower
13:30 Crypt
14:59 Sacrificial Pit
19:17 Ziggurat
20:19 Necropolis
21:37 Necropolis
» items
| Rod of Necromancy | 1 | |
| Scroll of Healing | 7 | |
| Orb of Corruption | 1 | |
| Scroll of Town Portal | 2 | |
| Potion of Mana | 2 | |
| Scroll of Protection | 2 | |
15 total
Chat log
(00:05 / All) GhettoOverlord: Yeah, this is plenty good.
(00:26 / All) lljkMata: playing at 0m/s is even weirder than playing at 200ms
(00:31 / All) GhettoOverlord: As long as I feel like I can control my units with a reasonable amount of control, I'm good.
(00:41 / All) GhettoOverlord: Yeah, that usually takes a couple to get used to.
(00:50 / All) lljkMata: imho that's what rally point spamming is for
(00:53 / All) lljkMata: getting a feel for your latency
(00:56 / All) GhettoOverlord: Gotcha.
(01:07 / All) GhettoOverlord: never thought of it that way
(01:09 / All) GhettoOverlord: :P
(01:32 / All) lljkMata: did you see the replay twixt me and istealbikes
(01:36 / All) lljkMata: guy tower rushed me
(01:38 / All) lljkMata: v. manner
(01:38 / All) GhettoOverlord: negative
(01:40 / All) GhettoOverlord: lol pro
(01:45 / All) GhettoOverlord: what map
(01:47 / All) lljkMata: echo
(01:55 / All) GhettoOverlord: yeah, figured as much
(01:56 / All) GhettoOverlord: hate that shit
(05:50 / All) lljkMata: are you playing seriously
(05:54 / All) GhettoOverlord: yeah
(06:06 / All) lljkMata: not throwing game just because you don't need it?
(06:11 / All) GhettoOverlord: negatron
(06:13 / All) GhettoOverlord: i do dual nec every game
(07:47 / All) lljkMata: for the lumber, or what?
(07:52 / All) GhettoOverlord: acos
(24:35 / All) GhettoOverlord: gg.
(24:36 / All) GhettoOverlord: -.-